 Dungeon Crawl Stone Soup version 0.32-a0-859-gb0a091d592 (webtiles) character file.

Game seed: 214666860878807703

280 Xavori the Trooper (level 6, -2/47 HPs)
             Began as a Djinni Chaos Knight on Mar 28, 2024.
             Was a Plaything of Xom.
             Slain by a gnoll
             ... wielding a +0 flail
              (4 damage)
             ... on level 5 of the Dungeon.
             The game lasted 00:04:34 (12814 turns).

Xavori the Trooper (Djinni Chaos Knight)           Turns: 12814, Time: 00:04:35

Health: -2/47      AC:  5    Str:  9      XL:     6   Next: 52%
Gold:   212        EV: 11    Int: 21 (22) God:    Xom [...*..] SH:  0 Dex: 12

rFire   + + .        a - +0 falchion (chaos)
rCold   x . .        (no shield)
rNeg    + . .        b - +2 leather armour
rPois   ∞            (helmet restricted)
rElec   .            (no cloak)
rCorr   .            (no gloves)
SInv    .            (boots unavailable)
Will    .....        (no amulet)
Stlth   +            l - ring of positive energy
HPRegen 0.00/turn    (no ring)
MPRegen 0.00/turn

%: infuse magic (-3 HP)
@: flying, inhibited regen
A: sickness immunity, fire resistance 2, cold vulnerability 1, float, innate
caster, HP casting, extra vitality 1, antennae 1, iridescent scales 1, clever 2,
deformed body, deterioration 1, inhibited regeneration, wild magic 1
a: Renounce Religion


You were on level 5 of the Dungeon.
You worshipped Xom.
You were a favourite toy of Xom.
You visited 1 branch of the dungeon, and saw 5 of its levels.

You collected 212 gold pieces.

Inventory:

Hand Weapons
 a - a +0 falchion of chaos (weapon)
Missiles
 o - 2 throwing nets (quivered)
Armour
 b - a +2 leather armour (worn)
Jewellery
 l - a ring of positive energy (left hand)
 s - a ring of positive energy
 w - an amulet of the acrobat
Wands
 m - a wand of flame (25)
Scrolls
 c - 2 scrolls of butterflies
 e - 4 scrolls of identify {unknown}
 f - a scroll of revelation {unknown}
 h - a scroll of teleportation {unknown}
 i - a scroll of blinking {unknown}
 j - a scroll of enchant armour {unknown}
 k - a scroll of enchant weapon {unknown}
 v - a scroll of vulnerability {unknown}
Potions
 d - a potion of degeneration {unknown}
 g - 3 potions of curing {unknown}
 n - a potion of brilliance {unknown}
 p - a potion of mutation {unknown}
 q - 2 potions of attraction {unknown}
 r - a potion of might {unknown}
 t - a potion of magic {unknown}
 u - a potion of enlightenment {unknown}


   Skills:
 + Level 3.8 Fighting
 + Level 3.4 Long Blades
 + Level 2.4 Armour
 + Level 3.4 Dodging
 * Level 2.5 Spellcasting
 * Level 2.5 Conjurations
 * Level 2.5 Hexes
   Level 0.0 Charms
 * Level 2.5 Summonings
 * Level 2.5 Necromancy
 * Level 2.5 Translocations
   Level 0.0 Transmutations
 * Level 2.5 Fire Magic
 * Level 2.5 Ice Magic
 * Level 2.5 Air Magic
 * Level 2.5 Earth Magic
 * Level 2.5 Alchemy


You knew the following spells:

 Your Spells              Type           Power      Damage    Failure   Level
a - Slow                  Hex            68%        N/A       11%         1
b - Static Discharge      Conj/Air       34%        3-5/arc   14%         2
Your spell library was empty.

Dungeon Overview and Level Annotations

Branches:
Dungeon (5/15)
 Temple: D:4-7

Altars:
Hepliaklqana
Xom
The Shining One

Shops:
D:3 =[((


Innate Abilities, Weirdness & Mutations

You are immune to sickness and miasma.
You are immune to poison.
Your flesh is very heat resistant. (rF++)
You are vulnerable to cold. (rC-)
You float through the air rather than walking.
You learn spells naturally, not from books.
Your magical power is your life essence.
You have superior vitality. (+4 MHP)
You have a pair of small antennae on your head.
You are partially covered in iridescent scales. (AC +2)
Your mind is very acute. (Int +8, Str/Dex -2)
Armour fits poorly on your strangely shaped body.
Your body sometimes deteriorates upon taking damage.
You do not regenerate when monsters are visible.
Your spells are a little harder to cast, but a little more powerful.


Message History

The gnoll attacks as it pursues you! The gnoll misses you.
You completely miss the gnoll. The gnoll barely misses you.
The gnoll completely misses you.
You closely miss the gnoll. The gnoll hits you but does no damage.
You slash the gnoll! You burn the gnoll.
The gnoll is heavily wounded.
The gnoll hits you with a +0 flail!
Your body deteriorates!
You feel dopey.
You barely miss the gnoll.
The gnoll is heavily wounded.
The gnoll closely misses you.
You hit the gnoll.
The gnoll is poisoned.
The gnoll is almost dead.
You kill the gnoll!
No target in view!
Things that are here:
a +0 flail; a gnoll corpse No target in view!
No target in view!
No target in view!
There are monsters nearby!
The gnoll hits you from afar with a +2 heavy halberd!
There are monsters nearby!
You hit the gnoll but do no damage.
The gnoll is heavily wounded.
The gnoll hits you with a +2 heavy halberd!!
* * * LOW HITPOINT WARNING * * *
The gnoll barely misses you.
You are too injured to fight recklessly!
Unknown command.
You are too injured to fight recklessly!
Unknown command.
You are too injured to fight recklessly!
Unknown command.
You are too injured to fight recklessly!
Unknown command.
You hit the gnoll. You freeze the gnoll.
The gnoll is almost dead.
The gnoll closely misses you. The gnoll hits you with a +0 flail.
You die...

........#
##..##............
........#
#...####..........
#.......###.)##
##........
##.......#..##
##...##.# #..........#
#..# ### #...........#
# ............## #
..#......#...# # #
###....#.@.## #
##....#gg.# . #
##...#...#... .###
##.........# ...##
##........# .....
#.........## #...
............## ##..
.............# ##..#
......g..##...#####...#


You could see 2 gnolls.

Vanquished Creatures
  A hound (D:4)
  An orc priest (D:4)
  An iron imp (D:3)
  An iguana (D:4)
  A sleepcap (D:5)
  2 gnolls (D:5)
  5 adders
  A ribbon worm (D:3)
  3 dart slugs
  7 orcs
  3 ball pythons
  6 endoplasms
  2 giant cockroaches
  A goblin (D:2)
  5 hobgoblins
  10 kobolds
  3 quokkas
  5 bats
  3 frilled lizards (D:1)
  5 rats
  A spectral hobgoblin (D:5)
67 creatures vanquished.

Notes
Turn   | Place    | Note
-------+----------+-------------------------------------------
     0 | D:1      | Xavori the Djinni Chaos Knight began the quest for the Orb.
     0 | D:1      | Reached XP level 1. HP: 20/20 MP: 0/0
   129 | D:1      | Reached XP level 2. HP: 25/25 MP: 0/0
   320 | D:1      | Reached XP level 3. HP: 30/30 MP: 0/0
   320 | D:1      | Learned a level 1 spell: Slow
   486 | D:1      | Reached skill level 1 in Spellcasting
   486 | D:1      | Reached skill level 1 in Conjurations
   486 | D:1      | Reached skill level 1 in Hexes
   486 | D:1      | Reached skill level 1 in Summonings
   486 | D:1      | Reached skill level 1 in Necromancy
   486 | D:1      | Reached skill level 1 in Translocations
   486 | D:1      | Reached skill level 1 in Fire Magic
   486 | D:1      | Reached skill level 1 in Ice Magic
   486 | D:1      | Reached skill level 1 in Air Magic
   486 | D:1      | Reached skill level 1 in Earth Magic
   486 | D:1      | Reached skill level 1 in Alchemy
   580 | D:2      | XOM: silly message
   804 | D:2      | XOM: 2-stop teleportation journey
  1488 | D:3      | Found Hyehue's Antique Weapon Shoppe.
  1890 | D:1      | XOM: stat loss: -1 Int (12/13)
  4042 | D:1      | XOM is BORED!
  4183 | D:1      | XOM: give mutations
  4183 | D:1      | Gained mutation: You occasionally lose the ability to read
                  | scrolls when taking damage. [Xom's mischief]
  4183 | D:1      | Gained mutation: You are dopey. (Int -2) [Xom's mischief]
  4626 | D:1      | XOM: divination: detect creatures
  6482 | D:1      | XOM is BORED!
  6607 | D:1      | XOM: summons 2 hostile shadow creatures
  7114 | D:2      | XOM: give mutations
  7114 | D:2      | Gained mutation: You are strong-willed. (Will+) [Xom's
                  | mischief]
  7114 | D:2      | Gained mutation: Your body sometimes deteriorates upon
                  | taking damage. [Xom's mischief]
  7114 | D:2      | Lost mutation: Your body sometimes deteriorates upon taking
                  | damage. [Xom's mischief]
  7290 | D:1      | XOM: give mutations
  7290 | D:1      | Lost mutation: You occasionally lose the ability to read
                  | scrolls when taking damage. [Xom's mischief]
  7290 | D:1      | Gained mutation: You are very dopey. (Int -4) [Xom's
                  | mischief]
  7290 | D:1      | Gained mutation: You expend health (3 HP) to strengthen
                  | your wands. [Xom's mischief]
  7290 | D:1      | Gained mutation: You occasionally shout uncontrollably at
                  | your foes. [Xom's mischief]
  7616 | D:1      | XOM: give mutations
  7616 | D:1      | Gained mutation: You do not regenerate when monsters are
                  | visible. [Xom's mischief]
  7616 | D:1      | Lost mutation: You occasionally shout uncontrollably at
                  | your foes. [Xom's mischief]
  8189 | D:1      | XOM: give mutations
  8189 | D:1      | Gained mutation: You have a pair of small antennae on your
                  | head. [Xom's mischief]
  8189 | D:1      | Lost mutation: You are very dopey. (Int -4) [Xom's
                  | mischief]
  8189 | D:1      | Gained mutation: You possess an exceptional clarity of
                  | mind. [Xom's mischief]
  8339 | D:1      | XOM: give mutation
  8339 | D:1      | Lost mutation: You expend health (3 HP) to strengthen your
                  | wands. [Xom's mischief]
  8753 | D:1      | XOM: give mutations
  8753 | D:1      | Lost mutation: You are dopey. (Int -2) [Xom's mischief]
  8753 | D:1      | Gained mutation: Your body sometimes deteriorates upon
                  | taking damage. [Xom's mischief]
  8753 | D:1      | Gained mutation: You are partially covered in iridescent
                  | scales. (AC +2) [Xom's mischief]
  9104 | D:1      | XOM: summons 1 hostile demon
  9302 | D:2      | XOM: give mutation
  9302 | D:2      | Gained mutation: Your mind is acute. (Int +4, Str/Dex -1)
                  | [Xom's grace]
  9314 | D:2      | XOM: silly message
  9338 | D:1      | XOM: scenery: create altars
  9698 | D:1      | XOM: scenery: summon butterflies
  9731 | D:1      | XOM: give mutations
  9731 | D:1      | Gained mutation: Your mind is very acute. (Int +8, Str/Dex
                  | -2) [Xom's grace]
  9731 | D:1      | Gained mutation: Your spells are a little harder to cast,
                  | but a little more powerful. [Xom's grace]
  9731 | D:1      | Gained mutation: You are highly strong-willed. (Will++)
                  | [Xom's grace]
  9835 | D:1      | XOM: scenery: summon butterflies
 10061 | D:1      | XOM: divination: detect items
 10132 | D:1      | XOM: 1-stop teleportation journey
 10281 | D:1      | XOM: cloud trail
 10324 | D:3      | Reached XP level 4. HP: 34/35 MP: 0/0
 10449 | D:3      | Noticed Grinder
 10473 | D:3      | Grinder changed into Grinder the iron imp
 10473 | D:3      | Noticed Grinder
 10473 | D:3      | XOM: polymorph Grinder -> Grinder the iron imp
 10488 | D:3      | Killed Grinder the iron imp
 10547 | D:3      | XOM: cloud trail
 10629 | D:3      | Found a faded altar of an unknown god.
 10675 | D:3      | Found Cahuyvia's Antique Armour Shoppe.
 10728 | D:3      | Reached XP level 5. HP: 33/40 MP: 0/0
 10728 | D:3      | Learned a level 2 spell: Static Discharge
 10929 | D:3      | Found a glowing golden altar of the Shining One.
 10947 | D:3      | Found Huorghile's Jewellery Shoppe.
 11179 | D:3      | Found Licwudeb's Weapon Shop.
 11522 | D:4      | XOM: confuse monster(s)
 11524 | D:4      | Reached XP level 6. HP: 25/46 MP: 0/0
 12127 | D:4      | XOM: give mutations
 12127 | D:4      | Lost mutation: You are highly strong-willed. (Will++)
                  | [Xom's mischief]
 12127 | D:4      | Lost mutation: You possess an exceptional clarity of mind.
                  | [Xom's mischief]
 12127 | D:4      | Gained mutation: Armour fits poorly on your strangely
                  | shaped body. [Xom's mischief]
 12127 | D:4      | Lost mutation: You are strong-willed. (Will+) [Xom's
                  | mischief]
 12234 | D:5      | Entered Level 5 of the Dungeon
 12414 | D:5      | Found a hazy altar of Hepliaklqana.
 12788 | D:5      | XOM: confusion (+ monsters)
 12813 | D:5      | HP: 2/47 [gnoll/+2 heavy halberd (22)]
 12814 | D:5      | Slain by a gnoll

Illustrated notes

Levels and vault maps discovered:
D:1:      saegor_arrival_simple_c, layout_basic
D:2:      layout_basic, minmay_tetromino_l4
D:3:      layout_loops_ring, tso_oasis_becter, serial_shops, shop,
          nicolae_shop_statue_plus, shop, nicolae_shop_back_alley_shop,
          basic_ecumenical_altar, uniq_grinder
D:4:      layout_loops_ring
D:5:      layout_layer_cave, lemuel_tele_altar, nicolae_sif_muna_little_library,
          nicolae_hepliaklqana_monster_ancestors

Skill      XL: |  1  2  3  4  5 |
---------------+----------------+-----
Spellcasting   | 1 2 |  2.5
Conjurations   | 1 2 |  2.5
Hexes          | 1 2 |  2.5
Summonings     | 1 2 |  2.5
Necromancy     | 1 2 |  2.5
Translocations | 1 2 |  2.5
Fire Magic     | 1 2 |  2.5
Ice Magic      | 1 2 |  2.5
Air Magic      | 1 2 |  2.5
Earth Magic    | 1 2 |  2.5
Alchemy        | 1 2 |  2.5
Long Blades    | 3 |  3.4
Armour         | 2 |  2.4
Dodging        | 3 |  3.4
Fighting       | |  3.8

Action                     |  1- 3 |  4- 6 || total
---------------------------+-------+-------++-------
  Melee: Falchion          |    92 |   172 ||   264
   Cast: Slow              |       |     1 ||     1
   Stab: Sleeping          |     1 |       ||     1
         Confused          |     1 |     1 ||     2
 Armour: Leather armour    |    80 |    97 ||   177
  Dodge: Dodged            |    59 |   102 ||   161

Table legend: (Time is in decaauts)
 A = Elapsed time spent in this place.
 B = Non-inter-level travel time spent in this place.
 C = Inter-level travel time spent in this place.
 D = Time resting spent in this place.
 E = Time spent auto-exploring this place.
 F = Levels seen in this place.
 G = Mean time per level.
                   A        B        C        D        E       F      G
               +--------+--------+--------+--------+--------+-----+--------+
         Total |  12856 |  12666 |    190 |   9323 |   2718 |   5 | 2571.2 |
       Dungeon |  12856 |  12666 |    190 |   9323 |   2718 |   5 | 2571.2 |
               +--------+--------+--------+--------+--------+-----+--------+

Top non-repeatable levels by time:
     D:1: 8477 daAuts
     D:2: 1517 daAuts
     D:3: 1302 daAuts
     D:4: 975 daAuts
     D:5: 584 daAuts
